 Dungeon Crawl Stone Soup version 0.17.1-1-g73c8601 (webtiles) character file.

34 Implojin the Ruffian (level 3, -7/36 HPs)
             Began as a Troll Fighter on Mar 31, 2016.
             Killed by divine providence
             ... invoked by an orc priest
              (16 damage)
             ... on level 3 of the Dungeon.
             The game lasted 00:00:46 (135 turns).

Implojin the Ruffian (Troll Fighter)                 Turns: 135, Time: 00:00:46

Health: -7/36      AC:  5    Str: 24    XL:     3   Next: 14%
Magic:  2/2        EV:  8    Int:  4    God:
Gold:   0          SH:  8    Dex: 10    Spells: 0 memorised, 2 levels left

rFire  . . .     SeeInvis .       - Unarmed
rCold  . . .     Clarity  .     a - +0 robe
rNeg   . . .     SustAt   .     b - +0 shield
rPois  .         Gourm    +     (helmet restricted)
rElec  .         Spirit   .     (no cloak)
rCorr  .         Warding  .     (gloves unavailable)
rMut   .         Stasis   .     (boots unavailable)
MR     .....                    (no amulet)
Stlth  +.........               (no ring)
                                (no ring)

@: not resistant to hostile enchantments, very unstealthy
A: unfitting armour, claws 3, fast metabolism 3, gourmand, regeneration 2,
shaggy fur 1, tough skin 2
a: no special abilities


You were on level 3 of the Dungeon.
You were full.

You visited 1 branch of the dungeon, and saw 4 of its levels.

Inventory:

Armour
 a - a +0 robe (worn)
 b - a +0 shield (worn)
Scrolls
 e - a scroll of blinking {unknown}
Potions
 c - a potion of might
Comestibles
 d - 2 bread rations


   Skills:
 - Level 2.4 Fighting
 - Level 2.4 Dodging
 - Level 2.4 Shields
 * Level 3.6 Unarmed Combat


You had 2 spell levels left.
You didn't know any spells.

Dungeon Overview and Level Annotations

Branches:
Dungeon (4/15)
 Temple: D:4-7

Altars:


Innate Abilities, Weirdness & Mutations

You are too large for most types of armour.
You have claws for hands.
Your metabolism is lightning-fast.
You like to eat raw meat.
You heal very quickly.
You are covered in fur (AC +1).
You have very tough skin (AC +2).


Message History

The giant newt is severely wounded.
The giant newt bites you.
You scratch the giant newt.
You kill the giant newt!
You scratch the orc.
The orc is heavily wounded.
You scratch the orc.
The orc is almost dead.
You block the orc's attack.
You closely miss the orc.
The orc is almost dead.
You block the orc's attack.
You scratch the orc.
The orc is almost dead.
The orc hits you with a club.
You barely miss the orc.
The orc is almost dead.
The orc barely misses you.
You scratch the orc.
You kill the orc!
You scratch the orc.
The orc is heavily wounded.
The orc hits you but does no damage.
You barely miss the orc.
The orc is moderately wounded.
The orc hits you.
You scratch the orc.
The orc is severely wounded.
You block the orc's attack.
The orc priest invokes the aid of Beogh against you.
Something smites you!
* * * LOW HITPOINT WARNING * * *
You scratch the orc.
You kill the orc!
The orc priest calls down the wrath of Beogh upon you.
Something smites you!
* * * LOW HITPOINT WARNING * * *
The orc priest invokes the aid of Beogh against you.
Something smites you!
You die...

############ #
#........@o#.####
#.########......# #.#
#...#........ #.#
#.#.#......##
#.####.#.#......#
#........#.#......
##########.###.#......
#............#$#......
#.#<.........#.#......


You could see an orc priest.

Vanquished Creatures
  An orc priest (D:3)
  2 orcs (D:3)
  2 bats (D:3)
  A goblin (D:3)
  A giant newt (D:3)
7 creatures vanquished.

Notes
Turn   | Place    | Note
--------------------------------------------------------------
     0 | D:1      | Implojin the Troll Fighter began the quest for the Orb.
     0 | D:1      | Reached XP level 1. HP: 22/22 MP: 0/0
    64 | D:4      | Noticed an orc priest
    64 | D:4      | Noticed an orc priest
    71 | D:3      | Killed an orc priest
    71 | D:3      | Reached skill level 3 in Unarmed Combat
    71 | D:3      | Reached XP level 2. HP: 23/29 MP: 1/1
   117 | D:3      | Noticed an orc priest
   119 | D:3      | Reached XP level 3. HP: 36/36 MP: 2/2
   135 | D:3      | Killed from afar by an orc priest

Action                   || total
-------------------------++-------
Melee: Unarmed           ||    25
  Eat: Chunk             ||     3

Table legend:
 A = Turns spent in this place as a percentage of turns spent in the entire game.
 B = Non-inter-level travel turns spent in this place as a percentage of non-inter-level travel turns spent in the entire game.
 C = Inter-level travel turns spent in this place as a percentage of turns spent in this place.
 D = Turns resting spent in this place as a percentage of non-inter-level travel turns spent in this place.
 E = Turns spent auto-exploring this place as a percentage of non-inter-level travel turns spent in this place.
 F = Non-inter-level travel turns spent in this place divided by the number of levels of this place that you've seen.
                   A       B       C       D       E      F
               +-------+-------+-------+-------+-------+----------------------
         Total | 100.0 | 100.0 |   0.0 |   0.0 |   0.0 |  32.2
       Dungeon | 100.0 | 100.0 |   0.0 |   0.0 |   0.0 |  32.2
               +-------+-------+-------+-------+-------+----------------------

Table legend:
 A = Kills in this place as a percentage of kills in entire the game.
 B = Kills by you in this place as a percentage of kills by you in the entire game.
 C = Kills by friends in this place as a percentage of kills by friends in the entire game.
 D = Other kills in this place as a percentage of other kills in the entire game.
 E = Experience gained in this place as a percentage of experience gained in the entire game.
 F = Experience gained in this place divided by the number of levels of this place that you have seen.
                   A       B       C       D       E      F
               +-------+-------+-------+-------+-------+----------------------
         Total | 100.0 | 100.0 |  -nan |  -nan | 100.0 |  12.2
       Dungeon | 100.0 | 100.0 |  -nan |  -nan | 100.0 |  12.2
               +-------+-------+-------+-------+-------+----------------------
